 Dungeon Crawl Stone Soup version 0.31-a0-746-ge8284cb111 (webtiles) character file.

Game seed: 2398444900083502245

20948 Revguard the Geomancer (level 12, -1/110 HPs)
             Began as a Troll Earth Elementalist on Sept 13, 2023.
             Was an Initiate of Gozag.
             Slain by a wraith (12 damage)
             ... on level 12 of the Dungeon on Sept 14, 2023.
             The game lasted 01:04:07 (14910 turns).

Revguard the Geomancer (Troll Earth Elementalist)  Turns: 14910, Time: 01:04:07

Health: -1/110     AC:  8    Str: 19    XL:     12   Next: 49%
Magic:  15/22      EV: 10    Int: 21    God:    Gozag
Gold:   396        SH:  0    Dex: 10    Spells: 4/26 levels left

rFire   + + .        f - staff of conjuration
rCold   . . .        (no shield)
rNeg    + . .        z - +2 robe {Will+}
rPois   .            L - +1 hat
rElec   +            c - +0 cloak
rCorr   .            (gloves unavailable)
SInv    .            (boots unavailable)
Will    +....        m - amulet of magic regeneration
Stlth   ++           B - +6 ring of intelligence
HPRegen 1.18/turn    y - ring "Jeixae" {rElec rF+ rN+}
MPRegen 0.58/turn

%: no passive effects
@: about to teleport, gold aura, slowed, very slow
A: large, unfitting armour, claws 3, regeneration 1, shaggy fur 1, tough skin 1,
fire resistance 1, electricity resistance
a: Renounce Religion, Potion Petition, Call Merchant, Bribe Branch


You were on level 12 of the Dungeon.
You worshipped Gozag.
Gozag was aware of your devotion.
You visited 1 branch of the dungeon, and saw 12 of its levels.
You also visited: Sewer.

You collected 2655 gold pieces.
You spent 1071 gold pieces at shops.
You paid 1188 gold pieces to Gozag.

Inventory:

Missiles
 A - a throwing net
Armour
 c - a +0 cloak (worn)
 z - a +2 robe of willpower (worn)
 L - a +1 hat (worn)
Magical Staves
 f - a staff of conjuration (weapon)
Jewellery
 a - a +6 ring of strength
 e - a ring of willpower
 m - an amulet of magic regeneration (around neck)
 n - an amulet of regeneration
 w - a ring of positive energy
 y - the ring "Jeixae" (right claw) {rElec rF+ rN+}
   (You bought it in a shop on level 6 of the Dungeon)

   [ring of positive energy]

   rF+:       It protects you from fire.
   rElec:     It insulates you from electricity.
   rN+:       It protects you from negative energy.
 B - a +6 ring of intelligence (left claw)
 F - a ring of protection from cold
 G - a ring of positive energy
 H - a ring of willpower
Wands
 s - a wand of flame (50)
Scrolls
 d - 2 scrolls of immolation
 h - 2 scrolls of identify
 k - a scroll of fog
 p - 3 scrolls of noise
 t - 3 scrolls of amnesia
 u - a scroll of teleportation
 x - 2 scrolls of torment
 D - a scroll of enchant weapon
 E - 2 scrolls of blinking
Potions
 b - 2 potions of magic
 g - 3 potions of curing
 i - 2 potions of haste
 j - 3 potions of brilliance
 q - 2 potions of lignification
 v - 2 potions of attraction
 C - a potion of might
 I - a potion of enlightenment
 J - a potion of berserk rage


   Skills:
 + Level 4.9 Fighting
 + Level 4.9 Staves
 + Level 4.1 Armour
 + Level 4.5 Dodging
 - Level 1.6 Stealth
 + Level 5.6 Unarmed Combat
 * Level 7.7 Spellcasting
 + Level 6.1 Conjurations
 - Level 1.3 Transmutations
 + Level 8.1 Earth Magic
 + Level 6.0 Evocations


You had 4 spell levels left.
You knew the following spells:

 Your Spells              Type           Power      Damage    Failure   Level
a - Sandblast             Erth           84%        2d18      1%          1
b - Passwall              Tmut/Erth      22%        N/A       1%          2
c - Stone Arrow           Conj/Erth      100%       3d13      1%          3
d - Animate Armour        Summ/Erth      50%        N/A       16%         4
e - Lehudib's Crystal Sp  Conj/Erth      27%        10d7      100%        8
f - Petrify               Tmut/Erth      27%        N/A       12%         4

Your spell library contained the following spells:

 Spells                   Type           Power      Damage    Failure   Level
 Apportation              Tloc           16%        N/A       9%          1
 Necrotise                Necr           32%        1d5       9%          1
 Jinxbite                 Hex            16%        N/A       12%         2
 Frozen Ramparts          Ice            16%        1d3       24%         3
 Summon Guardian Golem    Hex/Summ       8%         N/A       24%         3
 Vampiric Draining        Necr           8%         2d6       24%         3
 Alistair's Intoxication  Tmut/Pois      6%         N/A       87%         5
 Agony                    Necr           8%         N/A       92%         5
 Metabolic Englaciation   Hex/Ice        4%         N/A       92%         5
 Orb of Destruction       Conj           25%        9d9       99%         7
 Spellforged Servitor     Conj/Summ      15%        N/A       100%        7


Dungeon Overview and Level Annotations

Branches:
Dungeon (12/15)            Temple (0/1) D:4            Lair (0/5) D:9
  Sewer (visited)
    Orc: D:9-12

Altars:
Ashenzari
Dithmenos
Elyvilon
Gozag
Hepliaklqana
Nemelex Xobeh
Qazlal
Ru
Sif Muna
The Shining One

Shops:
D:1 [   D:5 [   D:6 (==[(   D:8 [   D:9 **   D:12 ?

Annotations:
D:11 exclusion: ice statue


Innate Abilities, Weirdness & Mutations

You are too large for most types of armour.
You have claws for hands.
Your natural rate of healing is unusually fast.
You are covered in fur. (AC +1)
You have tough skin. (AC +1)
Your flesh is heat resistant. (rF+)
You are resistant to electric shocks. (rElec)


Message History

You feel as though you will be slow longer.
The vampire mosquito bites you but does no damage.
You closely miss the vampire mosquito.
The vampire mosquito is severely damaged.
The vampire mosquito barely misses you.
The vampire mosquito bites you but does no damage.
The wraith hits you but does no damage. The wraith hits you!
* * * LOW HITPOINT WARNING * * *
The wraith drains your vigour!
You feel as though you will be slow longer.
The vampire mosquito barely misses you.
Aiming: Stone Arrow (safe; 1% risk of failure)
Press: ? - help, Q - select action, (/) - cycle Shift-Dir - straight line, f/p - vampire mosquito
Aim: a vampire mosquito (severely damaged, 63% to hit)
You feel a surge of power!
The stone arrow hits the vampire mosquito!
You destroy the vampire mosquito!
The wraith hits you.
* * * LOW HITPOINT WARNING * * *
The wraith drains your vigour!
You feel as though you will be slow longer.
Aiming: Stone Arrow (safe; 1% risk of failure)
Press: ? - help, Q - select action, (/) - cycle Shift-Dir - straight line, f - wraith
Aim: a wraith (78% to hit)
You feel a surge of power!
The stone arrow hits the wraith!
The wraith is moderately damaged.
The wraith hits you.
* * * LOW HITPOINT WARNING * * *
The slime creature is distracted by your dazzling golden aura.
The wraith hits you!
* * * LOW HITPOINT WARNING * * *
The slime creature quivers.
Aiming: Stone Arrow (safe; 1% risk of failure)
Press: ? - help, Q - select action, (/) - cycle Shift-Dir - straight line, f/p - wraith
Aim: a wraith (moderately damaged, 78% to hit)
Okay, then.
As you read the scroll of teleportation, it crumbles to dust.
You feel strangely unstable. The wraith hits you!
You die...
Your body crumbles into a pile of gold.

#......#.J.....
###......##..⌠..#
#).....### D....#
#......# #.J.##
#....### ...# #T...#
####
############J####
...........#$W.###
...........#@....###
...........#...[...#
...........)∩(.⌠...+
..........##.......#
.......<..##.....###
..........##...###
...........#+###
...........#
...........#


You could see a slime creature, a troll and a wraith.

Vanquished Creatures
  A boulder beetle (D:12)
  3 death yaks (D:9)
  5 two-headed ogres
  The ghost of Heedrag the Martial Artist, a novice DsSh of Qazlal (D:10)
  An ugly thing (D:11)
  A cyclops (D:11)
  2 manticores
  A gargoyle (D:11)
  The ghost of kal9871 the Magician, a novice DjFE of Makhleb (D:5)
  3 unseen horrors
  A yaktaur (shapeshifter) (D:12)
  A komodo dragon (D:11)
  2 trolls
  A hornet (D:9)
  A slime creature (D:7)
  2 wyverns
  3 wraiths
  A shadow (D:9)
  21 yaks
  4 steam dragons
  3 vampire mosquitoes
  2 acid dragons
  Pargi (Sewer)
  2 ice beasts
  2 sky beasts
  11 orc warriors
  2 black bears
  2 ogres
  2 centaurs
  2 phantoms
  4 bullfrogs
  2 scorpions
  13 wights
  15 killer bees
  2 howler monkeys (D:5)
  2 electric eels (D:7)
  4 jellies
  5 hounds
  3 gnoll boudas
  6 orc priests
  Terence (D:3)
  7 orc wizards
  2 iguanas
  Robin (D:4)
  18 gnolls
  8 adders
  2 shadow imps (D:6)
  An ufetubus (D:6)
  A worm (D:2)
  3 dart slugs
  46 orcs
  9 ball pythons
  4 endoplasms
  5 giant cockroaches
  12 goblins
  8 hobgoblins
  3 jackals (D:4)
  6 quokkas
  5 bats
  14 frilled lizards
  10 kobolds
  3 rats
310 creatures vanquished.

Notes
Turn   | Place    | Note
-------+----------+-------------------------------------------
     0 | D:1      | Revguard the Troll Earth Elementalist began the quest for
                  | the Orb.
     0 | D:1      | Reached XP level 1. HP: 16/16 MP: 1/1
    36 | D:1      | Reached XP level 2. HP: 24/24 MP: 0/2
    55 | D:1      | Learned a level 2 spell: Passwall
   124 | D:1      | Found Qyatikor's Antique Armour Emporium.
   299 | D:1      | Reached skill level 1 in Transmutations
   299 | D:1      | Reached XP level 3. HP: 32/32 MP: 4/4
   873 | D:2      | Identified the +2 dagger "Fubilig" {freeze, *Corrode rC+
                  | Will+ Int+4}
  1146 | D:2      | Reached skill level 3 in Earth Magic
  1471 | D:2      | Reached XP level 4. HP: 40/40 MP: 5/5
  1475 | D:2      | Learned a level 3 spell: Stone Arrow
  1651 | D:2      | Gained mutation: Your flesh is heat resistant. (rF+)
                  | [potion of mutation]
  1651 | D:2      | Gained mutation: You are resistant to electric shocks.
                  | (rElec) [potion of mutation]
  1832 | D:3      | Reached skill level 1 in Staves
  1894 | D:3      | Reached skill level 1 in Armour
  1902 | D:3      | Reached XP level 5. HP: 28/46 MP: 2/6
  2237 | D:3      | Noticed Terence
  2248 | D:3      | Killed Terence
  2314 | D:3      | Identified a scroll of acquirement
  2314 | D:3      | Acquired a staff of conjuration
  2368 | D:4      | Reached skill level 1 in Fighting
  2400 | D:4      | Found a glowing drain.
  2459 | Sewer    | Entered a sewer
  2493 | Sewer    | Noticed Pargi
  2511 | Sewer    | Killed Pargi
  2512 | Sewer    | Reached XP level 6. HP: 41/55 MP: 8/8
  2569 | Sewer    | Reached skill level 5 in Spellcasting
  2569 | Sewer    | Reached skill level 6 in Earth Magic
  2569 | Sewer    | Reached XP level 7. HP: 62/62 MP: 8/14
  2570 | Sewer    | Reached XP level 8. HP: 74/74 MP: 8/16
  2576 | Sewer    | Learned a level 4 spell: Animate Armour
  2585 | Sewer    | Learned a level 8 spell: Lehudib's Crystal Spear
  3022 | D:4      | Found an opulent altar of Gozag.
  3023 | D:4      | Found a sacrificial altar of Ru.
  3061 | D:4      | Became a worshipper of Gozag Ym Sagoz the Greedy
  3082 | D:4      | Found a staircase to the Ecumenical Temple.
  3220 | D:4      | You fall into a shaft and drop 3 floors!
  3917 | D:6      | Reached XP level 9. HP: 46/72 MP: 0/17
  3919 | D:6      | Found Zishrouf's Antique Armour Shop.
  4034 | D:6      | Found Beistuco's Antique Weapon Shoppe.
  4075 | D:6      | Found Jegupugh's Jewellery Boutique.
  4382 | D:6      | Found Luythuosch's Weapon Shoppe.
  4533 | D:6      | Found Afiorogu's Jewellery Shoppe.
  4538 | D:6      | Reached skill level 5 in Conjurations
  4734 | D:5      | Entered Level 5 of the Dungeon
  4984 | D:5      | Found a runed translucent gate.
  4984 | D:5      | Found a runed translucent gate.
  4984 | D:5      | Found a runed translucent gate.
  4992 | D:5      | Noticed kal9871's ghost (novice DjFE)
  5096 | D:5      | Found a broken altar of Ashenzari.
  5104 | D:5      | Found a glowing golden altar of the Shining One.
  5108 | D:5      | Found a white marble altar of Elyvilon.
  5115 | D:5      | Found a shimmering blue altar of Sif Muna.
  5121 | D:5      | Found a sparkling altar of Nemelex Xobeh.
  5132 | D:5      | Found a stormy altar of Qazlal.
  5142 | D:5      | Found a shadowy altar of Dithmenos.
  5612 | D:5      | Found Amin's Armour Shop.
  6053 | D:4      | Noticed Robin
  6091 | D:4      | Killed Robin
  6439 | D:6      | Bought the ring "Jeixae" {rElec rF+ rN+} for 492 gold
                  | pieces
  6517 | D:5      | Killed kal9871's ghost
  6518 | D:5      | Reached skill level 7 in Earth Magic
  6721 | D:7      | Reached skill level 5 in Evocations
  7316 | D:7      | Reached XP level 10. HP: 70/91 MP: 9/18
  8213 | D:7      | Noticed a manticore
  8439 | D:7      | Killed a manticore
  8688 | D:8      | Found a runed translucent door.
  9873 | D:8      | Learned a level 4 spell: Petrify
  9963 | D:9      | Reached XP level 11. HP: 51/98 MP: 9/20
 10192 | D:9      | Noticed a death yak
 10216 | D:9      | Noticed a death yak
 10231 | D:8      | Bought a +1 robe of willpower for 190 gold pieces
 10356 | D:9      | Found Hibul's Island Escapes.
 10471 | D:9      | Found a hazy altar of Hepliaklqana.
 10721 | D:9      | Noticed a death yak
 10748 | D:9      | Killed a death yak
 11152 | D:9      | Found Fiwisiyz's Fire Supplies.
 11280 | D:9      | Killed a death yak
 11289 | D:9      | Killed a death yak
 11558 | D:9      | Found a staircase to the Lair.
 11635 | D:9      | Bought a scroll of blinking for 82 gold pieces
 11635 | D:9      | Bought a scroll of blinking for 82 gold pieces
 11635 | D:9      | Bought a potion of enlightenment for 55 gold pieces
 11635 | D:9      | Bought a potion of enlightenment for 55 gold pieces
 11659 | D:10     | Entered Level 10 of the Dungeon
 11902 | D:10     | Found a runed translucent door.
 11927 | D:10     | Noticed Heedrag's ghost (novice DsSh)
 12211 | D:10     | Noticed a two-headed ogre
 12232 | D:10     | Killed a two-headed ogre
 12460 | D:10     | Killed Heedrag's ghost
 12651 | D:11     | Noticed a two-headed ogre
 12670 | D:11     | Killed a two-headed ogre
 12671 | D:11     | Reached skill level 5 in Unarmed Combat
 13078 | D:11     | Reached XP level 12. HP: 109/109 MP: 15/22
 13256 | D:11     | Noticed a two-headed ogre
 13263 | D:11     | Killed a two-headed ogre
 13851 | D:11     | Reached skill level 8 in Earth Magic
 13877 | D:11     | Noticed a two-headed ogre
 13879 | D:11     | Noticed a two-headed ogre
 13896 | D:11     | Killed a two-headed ogre
 14186 | D:11     | Identified the +0 ring mail of Sunlight {rF++ rC- Regen+}
 14217 | D:11     | Upgraded the game from 0.31-a0-744-gbc345e7fcb to
                  | 0.31-a0-746-ge8284cb111
 14271 | D:11     | Killed a two-headed ogre
 14704 | D:12     | Bought 2 scrolls of identify for 40 gold pieces
 14704 | D:12     | Bought a scroll of enchant armour for 75 gold pieces
 14708 | D:12     | Noticed a boulder beetle
 14719 | D:12     | Killed a boulder beetle
 14910 | D:12     | Slain by a wraith

Illustrated notes

Levels and vault maps discovered:
D:1:      wheals_arrival_shading, layout_basic, serial_shops, shop,
          dreamdust_wishing_well
D:2:      layout_basic, minmay_pentomino_x2
D:3:      minmay_skewed_foursquare, layout_rooms, uniq_terence
D:4:      layout_loops_ring, grunt_temple_overflow_open,
          minmay_temple_entry_glassed_door, portal_sewer_entry_d, uniq_robin
D:5:      layout_loops_ring, grunt_temple_overflow_octagram,
          gammafunk_ghost_split, serial_shops, nicolae_lakefront_shop,
          grunt_decor_resistance
D:6:      layout_basic, serial_shops, shop, nicolae_shop_tiny_waterfront, shop,
          nicolae_shop_behind_doors, shop, serial_bayou_pond_a
D:7:      nzn_winding_woodlands_three_and_one
          [nzn_winding_woodlands_5x15_longhouse,
          nzn_winding_woodlands_5x15_lazy_stream,
          nzn_winding_woodlands_5x15_pockets,
          nzn_winding_woodlands_center_triple_pond], layout_basic,
          nrook_mini_vaults
D:8:      layout_loops_cross, lightli_church_of_beogh
D:9:      layout_basic, marbit_many_paths, dpeg_lair_monsters,
          mrwooster_statue_mirror, nicolae_shop_fire_sale
          [nicolae_sub_dead_trees], minmay_misc_feat_x, nicolae_island_escapes
D:10:     layout_rooms, ebering_ghost_inner_flame
D:11:     lemuel_ice_statue, layout_basic, minmay_quadrilaterals
D:12:     layout_long_grid, david_orc_3, chequers_serial_rivers_micro_a,
          nicolae_rejected_hall

Skill      XL: |  1  2  3  4  5  6  7  8  9 10 11 12 |
---------------+-------------------------------------+-----
Transmutations | 1 |  1.3
Earth Magic    | 3 6 7 8 |  8.1
Staves         | 1 3 4 |  4.9
Armour         | 1 2 3 4 |  4.1
Dodging        | 2 3 4 |  4.5
Fighting       | 1 2 3 4 |  4.9
Spellcasting   | 2 5 6 7 |  7.7
Conjurations   | 4 5 6 |  6.1
Evocations     | 4 5 6 |  6.0
Unarmed Combat | 3 4 5 |  5.6
Stealth        | |  1.6

Action                     |  1- 3 |  4- 6 |  7- 9 | 10-12 || total
---------------------------+-------+-------+-------+-------++-------
  Melee: Unarmed           |    99 |    88 |     5 |       ||   192
         Punch             |     1 |     1 |     6 |     9 ||    17
         Staff             |       |    40 |   175 |   242 ||   457
   Cast: Sandblast         |    21 |    17 |    13 |    61 ||   112
         Stone Arrow       |       |       |    92 |   202 ||   294
         Animate Armour    |       |       |     1 |     1 ||     2
         Petrify           |       |       |       |     4 ||     4
 Invoke: Call Merchant     |       |       |       |     2 ||     2
  Evoke: Wand              |       |       |       |    34 ||    34
    Use: Scroll            |       |    12 |     4 |    16 ||    32
         Potion            |       |     3 |     2 |     6 ||    11
   Stab: Distracted        |       |     1 |       |     2 ||     3
         Petrified         |       |       |       |    15 ||    15
         Sleeping          |       |       |       |     1 ||     1
 Armour: Robe              |    72 |   142 |   161 |   370 ||   745
  Dodge: Dodged            |    52 |    98 |    84 |   149 ||   383

Table legend: (Time is in decaauts)
 A = Elapsed time spent in this place.
 B = Non-inter-level travel time spent in this place.
 C = Inter-level travel time spent in this place.
 D = Time resting spent in this place.
 E = Time spent auto-exploring this place.
 F = Levels seen in this place.
 G = Mean time per level.
                   A        B        C        D        E       F      G
               +--------+--------+--------+--------+--------+-----+--------+
         Total |  14990 |  14378 |    612 |   2171 |   9272 |  13 | 1153.1 |
       Dungeon |  14696 |  14084 |    612 |   2171 |   9102 |  12 | 1224.7 |
         Sewer |    294 |    294 |      0 |      0 |    170 |   1 |  294.0 |
               +--------+--------+--------+--------+--------+-----+--------+

Top non-repeatable levels by time:
     D:7: 2197 daAuts
    D:11: 1778 daAuts
     D:9: 1680 daAuts
     D:8: 1517 daAuts
     D:6: 1351 daAuts
     D:4: 1306 daAuts
     D:5: 1239 daAuts
    D:10: 897 daAuts
     D:1: 871 daAuts
     D:2: 797 daAuts
     D:3: 685 daAuts
    D:12: 371 daAuts
   Sewer: 294 daAuts
